Map: Eflorescencia EE

Players

Skrilender

  • Race: Terran Terran
  • League: Gold
  • Spawn Location: 6:00

elemento

  • Race: Protoss Protoss
  • Spawn Location: 9:00

TATORREA

  • Race: Protoss Protoss
  • League: Silver
  • Spawn Location: 3:00

MrFercho

  • Race: Zerg Zerg
  • League: Silver
  • Spawn Location: 12:00

VOD

Have the link to the VOD?

Description

Time

  • Played on: June 22, 2020, 5:46 p.m.
  • Length: 10:30
Show
View Real Time Build Order
Export as new Build Order

Skrilender Terran 

Build Orders: Reaper Expand 

Get SALT Encoding   

  12  0:01  SCV  
  13  0:13  SCV  
  14  0:18  Supply Depot  
  14  0:25  SCV  
  15  0:40  SCV  
  15  0:41  Barracks  
  16  0:44  Refinery  
  16  0:52  SCV  
  17  1:04  SCV  
  18  1:16  SCV  
  19  1:29  Reaper, Orbital Command  
  20  1:43  Command Center  
  20  1:50  Refinery  
  20  1:55  SCV  
  20  2:01  Supply Depot  
  21  2:10  SCV  
  21  2:12  Barracks Reactor  
  22  2:21  Factory  
  22  2:24  SCV  
  23  2:36  SCV  
  24  2:48  SCV, Barracks  
  25  2:57  SCV  
  25  2:58  Marine x2  
  28  3:12  SCV  
  29  3:14  Orbital Command  
  29  3:16  Factory Tech Lab  
  29  3:17  Marine x2  
  30  3:24  SCV  
  31  3:36  SCV, Starport  
  31  3:37  Barracks Tech Lab  
  31  3:39  Marine x2  
  34  3:45  SCV  
  35  3:48  SCV  
  35  3:52  Bunker  
  35  3:54  Siege Tank  
  39  3:58  Stimpack  
  39  4:00  Barracks  
  39  4:04  Marine  
  39  4:05  SCV  
  39  4:07  SCV  
  42  4:10  Marauder  
  42  4:14  Supply Depot  
  44  4:19  Engineering Bay  
  44  4:20  SCV  
  44  4:24  SCV  
  46  4:30  Starport Reactor, Refinery  
  46  4:38  SCV  
  47  4:41  Supply Depot  
  47  4:42  Marine, Siege Tank  
  47  4:43  Marauder  
  53  4:48  SCV  
  53  4:50  Refinery  
  54  4:55  Barracks Tech Lab  
  54  4:58  Sensor Tower  
  54  5:03  SCV x2  
  56  5:10  Terran Infantry Weapons Level 1  
  56  5:11  Viking  
  58  5:15  SCV  
  58  5:16  Medivac  
  58  5:20  SCV  
  62  5:32  Supply Depot  
  62  5:34  Combat Shield  
  62  5:41  Concussive Shells  
  62  5:49  Supply Depot  
  62  5:54  SCV x2, Medivac, Marauder, Marine  
  69  5:58  Marine  
  70  6:11  SCV, Command Center, Marauder  
  73  6:15  Marine  
  73  6:16  Supply Depot, Marauder, Marine  
  77  6:20  Medivac  
  79  6:32  Marine  
  80  6:33  Marine  
  80  6:37  Marauder  
  83  6:41  Marine  
  83  6:45  Siege Tank  
  83  6:47  Barracks  
  87  6:50  Marauder  
  89  6:57  Marine  
  89  6:58  Marauder  
  89  6:59  Marine  
  93  7:08  Medivac x2, Supply Depot  
  97  7:11  Marauder  
  99  7:18  Marine x2  
  101  7:23  Marauder  
  101  7:24  Supply Depot, Terran Infantry Armor Level 1  
  101  7:26  Armory  
  103  7:32  Marine  
  103  7:33  Orbital Command  
  104  7:37  Marine x2  
  104  7:40  Barracks Reactor  
  106  7:44  Marauder  
  106  7:45  Engineering Bay  
  106  7:47  Supply Depot, Liberator  
  106  7:50  Marine  
  112  7:53  SCV x2  
  112  7:57  Supply Depot  
  114  7:59  Siege Tank  
  114  8:02  SCV  
  118  8:05  SCV  
  118  8:06  SCV, Marauder  
  122  8:17  Marine x2  
  122  8:18  Marine x2  
  122  8:19  SCV x2, Marauder  
  130  8:22  Refinery x2  
  130  8:25  Terran Ship Weapons Level 1  
  130  8:28  Marine  
  131  8:35  Marine  
  131  8:40  Marauder  
  134  8:43  Marine  
  134  8:44  Marine  
  134  8:45  Siege Tank  
  134  8:47  Marauder  
  137  9:07  Marine x3  
  137  9:08  Marauder x2  
Show
View Real Time Build Order
Export as new Build Order

elemento Protoss 

Build Orders:  

Get SALT Encoding   

  12  0:01  Probe  
  13  0:19  Probe, Pylon  
  14  0:32  Probe  
  15  0:40  Gateway  
  15  0:44  Probe  
  16  0:53  Assimilator  
  16  0:56  Probe  
  17  1:08  Probe  
  18  1:20  Probe  
  19  1:28  Cybernetics Core  
  19  1:32  Probe  
  20  1:44  Probe  
  20  1:45  Pylon  
  21  1:59  Warp Gate  
  21  2:03  Nexus  
  21  2:05  Probe  
  22  2:12  Adept  
  22  2:17  Gateway  
  22  2:18  Probe  
  25  2:30  Probe  
  25  2:31  Assimilator  
  26  2:42  Probe  
  27  2:54  Probe  
  28  3:06  Probe, Gateway  
  28  3:08  Gateway  
  29  3:15  Probe  
  28  4:04  Stalker  
  28  4:05  Stalker x3  
  28  4:08  Probe x2  
  38  4:18  Pylon  
  38  4:20  Probe x2  
  40  4:32  Stalker x3  
  46  4:38  Probe x2  
  46  4:42  Assimilator  
  48  4:50  Probe  
  48  4:51  Probe, Twilight Council  
  50  5:02  Probe  
  50  5:03  Probe  
  52  5:07  Assimilator  
  52  5:11  Pylon  
  52  5:15  Probe x2  
  54  5:34  Gateway  
  54  5:36  Robotics Facility  
  54  5:39  Probe x2  
  56  5:44  Blink  
  56  5:45  Stalker x3  
  62  5:52  Pylon  
  62  5:54  Pylon  
  62  6:09  Pylon  
  62  6:10  Probe  
  63  6:13  Pylon  
  63  6:14  Probe  
  62  6:54  Stalker  
  62  6:55  Stalker x3  
  62  6:57  Stalker  
  62  6:59  Immortal  
  76  7:04  Forge  
  76  7:05  Pylon  
  76  7:07  Pylon  
  76  7:13  Pylon  
  76  7:18  Shield Battery  
  76  7:24  Robotics Facility  
  76  7:38  Observer  
  76  7:39  Protoss Ground Weapons Level 1  
  77  7:46  Robotics Bay  
  77  8:11  Charge  
  77  8:28  Probe x2  
  77  8:30  Nexus  
  77  8:32  Immortal  
  83  8:34  Warp Prism  
  83  8:38  Stalker  
  83  8:39  Stalker x2  
  83  8:40  Probe, Stalker x2  
  96  8:48  Pylon x2  
  96  8:49  Pylon, Gravitic Boosters  
  96  9:13  Immortal x2  
  105  9:53  Observer  
  105  9:55  Stalker x2  
  105  9:56  Stalker x3  
  119  10:07  Pylon  
  119  10:09  Pylon  
  119  10:11  Pylon  
  119  10:13  Pylon x2  
Show
View Real Time Build Order
Export as new Build Order

TATORREA Protoss 

Build Orders:  

Get SALT Encoding   

  12  0:04  Probe  
  13  0:16  Probe  
  14  0:28  Probe  
  14  0:33  Pylon  
  15  0:51  Probe  
  15  0:55  Gateway  
  15  0:56  Gateway  
  16  1:06  Probe  
  17  1:13  Assimilator  
  17  1:15  Probe  
  17  1:23  Probe  
  19  1:33  Probe  
  19  1:45  Probe  
  20  1:52  Cybernetics Core  
  20  1:57  Probe  
  21  2:04  Nexus  
  21  2:09  Pylon  
  21  2:10  Probe  
  22  2:18  Probe, Assimilator  
  23  2:27  Probe  
  23  2:33  Pylon  
  24  2:38  Probe  
  25  2:50  Probe  
  26  3:06  Probe  
  27  3:17  Robotics Facility  
  27  3:18  Probe  
  27  3:19  Probe  
  27  3:32  Probe x2  
  27  3:41  Warp Gate  
  27  3:44  Probe  
  27  3:45  Probe, Stalker  
  28  3:56  Probe  
  28  3:57  Probe  
  30  4:08  Probe  
  30  4:09  Probe  
  32  4:11  Immortal  
  36  4:20  Probe  
  36  4:21  Probe  
  38  4:24  Assimilator  
  38  4:31  Stalker  
  40  4:32  Probe  
  40  4:33  Probe  
  40  4:36  Stalker  
  44  4:46  Probe  
  44  4:47  Twilight Council, Probe  
  46  4:59  Probe x2  
  48  5:11  Probe x2  
  50  5:22  Assimilator  
  50  5:23  Probe x2  
  52  5:35  Probe x2  
  54  5:36  Pylon  
  54  5:38  Pylon  
  54  5:43  Pylon  
  54  5:52  Nexus  
  54  5:54  Immortal, Pylon  
  54  5:56  Probe x2  
  60  5:57  Pylon  
  60  6:02  Stalker x2  
  60  6:03  Blink  
  64  6:08  Probe  
  65  6:28  Gateway  
  65  6:30  Gateway  
  61  6:33  Observer  
  62  6:40  Stalker x2  
  54  7:03  Probe  
  54  7:04  Probe  
  49  7:11  Probe  
  49  7:12  Probe  
  41  7:35  Probe x2  
  43  7:45  Probe  
  43  7:46  Probe  
  45  7:54  Probe x2  
  47  8:11  Probe  
  47  8:12  Probe  
  47  8:19  Probe  
  49  8:20  Probe  
  49  8:25  Probe  
  52  8:27  Probe  
  52  8:28  Probe  
  52  8:29  Immortal  
  58  8:37  Probe  
  58  8:40  Probe  
  55  8:50  Zealot  
  55  8:51  Zealot  
  54  9:08  Probe x2  
  56  9:20  Probe x2  
  58  9:26  Cybernetics Core  
  58  9:28  Gateway  
  58  9:31  Gateway  
  49  9:33  Gateway  
  49  9:35  Nexus  
  49  9:37  Gateway  
  44  9:42  Gateway  
  44  9:43  Probe  
  43  9:51  Probe  
  34  10:01  Probe  
  12  10:17  Stalker x2  
Show
View Real Time Build Order
Export as new Build Order

MrFercho Zerg 

Build Orders: Hatch First, Lurkers 

Get SALT Encoding   

  12  0:02  Drone  
  13  0:12  Drone  
  14  0:18  Overlord  
  14  0:37  Drone x3  
  17  0:58  Drone  
  17  1:01  Drone  
  17  1:04  Hatchery  
  18  1:09  Drone  
  19  1:20  Spawning Pool  
  19  1:22  Extractor  
  19  1:23  Drone  
  19  1:32  Drone  
  19  1:46  Drone  
  20  1:59  Drone  
  21  2:03  Drone  
  22  2:14  Overlord  
  22  2:15  Queen, Drone  
  22  2:19  Queen  
  27  2:25  Drone  
  28  2:32  Overlord  
  28  2:36  Drone  
  29  2:41  Spine Crawler  
  28  2:46  Spine Crawler, Drone  
  28  2:59  Roach Warren  
  26  3:07  Queen  
  26  3:09  Lair  
  28  3:13  Drone  
  28  3:19  Evolution Chamber, Drone x3  
  31  3:21  Drone  
  32  3:27  Overlord  
  32  3:41  Roach  
  32  3:42  Roach x2  
  38  3:56  Zerg Missile Weapons Level 1  
  38  4:00  Roach x2  
  44  4:10  Roach  
  44  4:21  Extractor  
  44  4:23  Drone x9  
  52  4:24  Overlord, Extractor  
  51  4:36  Drone  
  52  4:45  Extractor  
  51  4:50  Hydralisk Den  
  50  4:55  Roach  
  52  5:11  Overlord x3  
  52  5:12  Overlord  
  52  5:23  Spine Crawler  
  51  5:31  Roach x2  
  51  5:32  Roach x3  
  61  5:38  Drone x2  
  63  5:45  Infestation Pit  
  62  5:54  Overlord x4  
  62  5:56  Overlord  
  62  6:15  Zerg Missile Weapons Level 2  
  62  6:30  Hydralisk  
  62  6:31  Hydralisk x5  
  62  6:32  Evolution Chamber  
  63  7:04  Muscular Augments  
  63  7:10  Drone x6  
  63  7:11  Lurker Den  
  68  7:17  Overseer  
  68  7:40  Spine Crawler  
  68  7:41  Hydralisk x2  
  68  7:42  Hydralisk x2  
  68  7:44  Spine Crawler  
  74  7:49  Zerg Ground Armor Level 1  
  74  7:54  Drone x3  
  77  8:16  Grooved Spines  
  77  8:29  Drone x7  
  84  8:51  Hatchery  
  84  8:53  Hive  
  84  8:54  Hydralisk x4, Extractor  
  86  8:56  Extractor  
  85  9:03  Lurker x5  
  90  9:22  Drone x5  
  95  9:27  Overlord  
Tags
 
Add a new tag
Caveats
  • Supply blocks, unpowered buildings, or Contaminate may cause inaccurate times.
  • Supply counts are checked every 10 seconds.